 Dungeon Crawl Stone Soup version 0.17-a0-1534-gf98da79 (webtiles) character file.

76 urechis the Conjurer (level 4, -4/24 HPs)
             Began as a Gargoyle Wizard on July 17, 2015.
             Slain by a worm (8 damage)
             ... on level 2 of the Dungeon.
             The game lasted 00:03:50 (2287 turns).

urechis the Conjurer (Gargoyle Wizard)              Turns: 2287, Time: 00:03:50

Health: -4/24      AC:  5    Str: 11    XL:     4   Next: 32%
Magic:  5/8        EV: 11    Int: 19    God:
Gold:   56         SH:  0    Dex:  8    Spells: 1 memorised, 8 levels left

rFire  . . .     SeeInvis .     h - +0 dagger
rCold  . . .     Clarity  .     a - +0 robe
rNeg   + . .     SustAt   .     (no shield)
rPois  ∞         Gourm    .     b - +0 hat
rElec  +         Spirit   .     (no cloak)
rCorr  .         Warding  .     (no gloves)
rMut   .         Stasis   .     (no boots)
MR     .....                    (no amulet)
Stlth  ++........               (no ring)
                                (no ring)

@: not resistant to hostile enchantments, unstealthy
A: negative energy resistance 1, electricity resistance, unbreathing,
petrification resistance, rot immunity, AC +3
a: no special abilities


You were on level 2 of the Dungeon.
You were hungry.

You visited 1 branch of the dungeon, and saw 2 of its levels.

You collected 56 gold pieces.

Inventory:

Hand weapons
 h - a +0 dagger (weapon)
Armour
 a - a +0 robe (worn)
 b - a +0 hat (worn)
Scrolls
 e - 2 scrolls of identify {unknown}
Potions
 f - a potion of might {unknown}
 i - a potion of degeneration {unknown}
 j - a potion of flight {unknown}
 k - a potion of resistance {unknown}
Books
 c - a book of Minor Magic

   Spells                             Type                      Level
   a - Magic Dart                     Conjuration                  1
   b - Blink                          Translocation                2
   c - Call Imp                       Summoning                    2
   d - Repel Missiles                 Charms/Air                   2
   e - Slow                           Hexes                        2
   f - Conjure Flame                  Conjuration/Fire             3
   g - Mephitic Cloud                 Conjuration/Poison/Air       3
Comestibles
 d - a bread ration
 g - a meat ration
 m - 4 fruits


   Skills:
 - Level 1.5 Dodging
 - Level 2.1 Stealth
 - Level 3.0 Spellcasting
 + Level 4.4 Conjurations
   Level 0.8 Summonings
   Level 0.8 Translocations


You had 8 spell levels left.
You knew the following spells:

 Your Spells              Type           Power        Failure   Level  Hunger
a - Magic Dart            Conj           ###.         2%          1    None


Dungeon Overview and Level Annotations

Branches:
Dungeon (2/15)

Altars:
Ashenzari
Gozag


Innate Abilities, Weirdness & Mutations

You are resistant to torment.
Your stone body is resilient (AC +3).
You are immune to poison.
You resist negative energy.
You are resistant to electric shocks.
You can survive without breathing.
You are immune to petrification.
You are immune to rotting.


Message History

You don't have enough magic to cast that spell.
The gnoll hits you but does no damage.
You closely miss the gnoll.
The gnoll is almost dead.
The gnoll hits you with a spear.
You hit the gnoll.
You kill the gnoll!
There are monsters nearby!
You hit the worm.
The worm is lightly wounded.
You hit the worm.
The worm is lightly wounded.
The rat bites you but does no damage. The worm bites you!
* * * LOW HITPOINT WARNING * * *
The gnoll closely misses you.
You hit the worm.
The worm is moderately wounded.
The rat closely misses you. The gnoll hits you but does no damage.
The worm bites you!
You die...

###### #..g.#
#.#g## #r#r# #g#@#
#g#w# #.#.# #.#.#
#.#.# ###.#.# #
#...#.#
############.###.#
.......g..g..# #.#


You could see a worm, 2 gnolls and a rat.

Vanquished Creatures
  2 gnolls
  2 adders
  2 oozes (D:1)
  2 goblins (D:1)
  6 hobgoblins (D:1)
  6 jackals (D:1)
  A kobold (D:1)
  7 rats
28 creatures vanquished.

Notes
Turn   | Place    | Note
--------------------------------------------------------------
     0 | D:1      | urechis the Gargoyle Wizard began the quest for the Orb.
     0 | D:1      | Reached XP level 1. HP: 10/10 MP: 4/4
   278 | D:1      | Reached XP level 2. HP: 13/15 MP: 0/6
   345 | D:1      | Found a shattered altar of Ashenzari.
   756 | D:1      | Reached XP level 3. HP: 6/19 MP: 0/7
  1288 | D:1      | Found a shattered altar of Ashenzari.
  1899 | D:1      | Reached skill level 4 in Conjurations
  1937 | D:2      | Reached XP level 4. HP: 24/24 MP: 1/8
  2058 | D:2      | Found an opulent altar of Gozag.
  2287 | D:2      | Slain by a worm

Vault maps used:
D:1:      lightli_molten_gateway, glass_columns_b, ashenzari_altar_1
D:2:      lemuel_doored_altar

Action                   |  1- 3 |  4- 6 || total
-------------------------+-------+-------++-------
Melee: Dagger            |    16 |     5 ||    21
 Cast: Magic Dart        |    71 |    21 ||    92
  Eat: Chunk             |     3 |       ||     3
